 Dungeon Crawl Stone Soup version 0.30-a0-12-gd8047c6341 (webtiles) character file.

Game seed: 16493482036410370070

4871 Sobieck the Cleaver (level 10, -5/53 HPs)
             Began as a Vine Stalker Fighter on Aug 23, 2022.
             Was an Elder of Uskayaw.
             Slain by an orc warrior
             ... wielding a +4 trident
              (7 damage)
             ... on level 9 of the Dungeon.
             The game lasted 00:19:04 (7109 turns).

Sobieck the Cleaver (Vine Stalker Fighter)          Turns: 7109, Time: 00:19:05

Health: -5/53      AC: 23    Str: 22    XL:     10   Next: 50%
Magic:  0/16       EV:  6    Int:  8    God:    Uskayaw [****..]
Gold:   439        SH:  5    Dex: 15    Spells: 9/9 levels left

rFire   . . .      SeeInvis .    a - +0 war axe (vorpal) {axe}
rCold   . . .      Faith    +    c - +0 buckler
rNeg    . . .      Spirit   +    y - +0 plate armour
rPois   .          Reflect  .    t - +1 helmet
rElec   .          Harm     .    C - +2 cloak
rCorr   +          Rampage  .    u - +2 pair of gloves
Will    ++...                    e - +1 pair of boots
Stlth   ..........               Z - amulet of faith {!P}
HPRegen 0.97/turn                j - ring of resist corrosion
MPRegen 0.15/turn                k - ring of willpower

@: no status effects
A: fangs 3, regeneration 1, magic shield, antimagic bite, no potion heal 2
a: Renounce Religion, Stomp, Line Pass


You were on level 9 of the Dungeon.
You worshipped Uskayaw.
Uskayaw was noncommittal.
You visited 2 branches of the dungeon, and saw 10 of its levels.

You collected 439 gold pieces.


Innate Abilities, Weirdness & Mutations

You have razor-sharp teeth.
Your natural rate of healing is unusually fast.
When hurt, damage is shared between your health and your magic reserves.
Your bite disrupts and absorbs the magic of your enemies.
Potions cannot restore your health.


   Skills:
 - Level 6.0 Fighting
 - Level 8.0 Axes
 - Level 6.0 Armour
 - Level 5.0 Shields
 + Level 7.8 Invocations


You had 9 spell levels left.
You didn't know any spells.
Your spell library contained the following spells:

 Spells                   Type           Power      Damage    Failure   Level
 Sandblast                Erth           0%         2d4       100%        1
 Passwall                 Tmut/Erth      0%         N/A       100%        2
 Call Canine Familiar     Summ           0%         N/A       100%        3
 Portal Projectile        Hex/Tloc       0%         N/A       100%        3
 Stone Arrow              Conj/Erth      0%         3d7       100%        3
 Leda's Liquefaction      Hex/Erth       0%         N/A       100%        4

Inventory:

Hand Weapons
 a - a +0 vorpal war axe (weapon) {axe}
 b - a +0 sling
   (You took it off a goblin on level 2 of the Dungeon)
 o - a +0 whip of distortion {!wmace}
   (You took it off a kobold on level 2 of the Dungeon)
 q - a +4 short sword {short}
   (You took it off a wight on level 9 of the Dungeon)
 E - a +0 whip of flaming {mace}
   (You took it off Pikel on level 3 of the Dungeon)
 I - a +1 vorpal shortbow {bow}
   (You took it off a centaur on level 8 of the Dungeon)
 O - a +2 vorpal mace {mace}
   (You found it on level 3 of the Dungeon)
 S - a +2 falchion of holy wrath {long}
   (You took it off an orc on level 3 of the Dungeon)
Missiles
 h - 5 javelins {throwing}
 p - 36 stones (quivered) {throwing}
 v - 5 boomerangs of dispersal {=f!fthrowing}
 w - 23 poisoned darts {throwing}
 B - a throwing net {=f!fthrowing}
 G - 3 boomerangs {throwing}
Armour
 c - a +0 buckler (worn)
 e - a +1 pair of boots (worn)
   (You found it on level 1 of the Dungeon)
 t - a +1 helmet (worn)
   (You found it on level 5 of the Dungeon)
 u - a +2 pair of gloves (worn)
   (You found it on level 2 of the Dungeon)
 y - a +0 plate armour (worn)
   (You took it off an orc warrior on level 6 of the Dungeon)
 C - a +2 cloak (worn)
   (You found it on level 7 of the Dungeon)
 F - a +0 plate armour
   (You took it off an orc warrior on level 7 of the Dungeon)
 L - a +0 leather armour
   (You took it off an orc on level 4 of the Dungeon)
 M - a +0 leather armour
   (You took it off an orc priest on level 4 of the Dungeon)
 N - a +0 robe
   (You took it off an orc wizard on level 4 of the Dungeon)
 R - a +0 robe
   (You found it on level 3 of the Dungeon)
 T - a +0 leather armour
   (You took it off an orc on level 3 of the Dungeon)
 W - a +0 ring mail
   (You took it off an orc on level 3 of the Dungeon)
Magical Staves
 D - a staff of earth {!astaff}
   (You found it on level 4 of the Dungeon)
Jewellery
 j - a ring of resist corrosion (left hand)
   (You found it on level 1 of the Dungeon)
 k - a ring of willpower (right hand)
   (You found it on level 1 of the Dungeon)
 Q - a ring of wizardry
   (You found it on level 5 of the Dungeon)
 V - a ring of flight
   (You found it on level 3 of the Dungeon)
 Z - an amulet of faith (around neck) {!P}
   (You found it on level 5 of the Dungeon)
Wands
 f - a wand of charming (13)
   (You found it on level 6 of the Dungeon)
 g - a wand of roots (8)
   (You found it on level 6 of the Dungeon)
 x - a wand of mindburst (5)
   (You took it off Ijyb on level 3 of the Dungeon)
 A - a wand of polymorph (16)
   (You took it off Duvessa on level 4 of the Dungeon)
Scrolls
 n - 2 scrolls of vulnerability {!r!r}
 H - 2 scrolls of immolation {!r!r}
 Y - 2 scrolls of teleportation {@r4}
Potions
 d - 3 potions of berserk rage {!q}
 i - 3 potions of cancellation
 l - 7 potions of curing {@q1}
 m - 2 potions of lignification {!q}
 r - 2 potions of heal wounds {@q2}
 s - a potion of attraction {!q}
 z - a potion of ambrosia
 J - a potion of brilliance
 K - a potion of resistance
 P - a potion of flight
 U - 4 potions of might
 X - 4 potions of mutation {!q}

Dungeon Overview and Level Annotations

Branches:
Dungeon (9/15) Zot: 26780  Temple (1/1) D:5 Zot: 5866    Lair (0/5) D:9
    Orc: D:9-12

Altars:
Ashenzari
Cheibriados
Dithmenos
Elyvilon
Fedhas
Gozag
Kikubaaqudgha
Makhleb
Nemelex Xobeh
Okawaru
Qazlal
Ru
Sif Muna
Trog
Uskayaw
Vehumet
Wu Jian
Xom
Yredelemnul
Zin
The Shining One

Shops:
D:8 !

Annotations:
Temple 2 transporters

........#....#
........'....#
........#....#
#######.#....# .
#.#....#
..#######.#....#
........!.#....#
......))###....#
......)@# ....#
......)o#
........#
........#
.######.# ..#
..# ..+


You could see an orc warrior (pain bonded).


Message History

a +0 club {mace}; 5 stones {throwing} You slash the kobold brigand!
You bite the kobold brigand, but do no damage.
You hit the orc. You slash the kobold!
You kill the kobold!
You feel sick. You block the orc's attack.
The kobold brigand hits you with a +0 short sword.
The orc hits you with a +0 club.
The orc warrior hits you from afar with a +4 trident.
The kobold brigand hits you but does no damage.
You can now pass through a line of other dancers.
You hit the orc.
You kill the orc!
You hit the kobold brigand but do no damage.
You feel sick.
The orc wizard casts a spell.
The orc wizard flickers and vanishes!
Deactivating autopickup; reactivate with Ctrl-A.
You block the orc warrior's attack.
The kobold brigand hits you with a +0 short sword.
Unknown command.
You feel sick.
You are no longer poisoned.
You block the orc warrior's attack. The kobold brigand closely misses you.
You block the orc warrior's attack. Something hits you but does no damage.
The kobold brigand hits you but does no damage.
Things that are here:
a +0 club {mace}; an orc corpse Unknown command.
You hit the orc warrior. You barely miss the kobold brigand.
You miss something. Something hits you but does no damage.
You block the orc warrior's attack.
The kobold brigand hits you but does no damage.
Unknown command.
You barely miss the orc warrior. Your bite misses the orc warrior.
You barely miss the kobold brigand. You closely miss something.
Something hits you but does no damage.
The orc warrior hits you but does no damage.
The kobold brigand hits you but does no damage.
The orc hits you but does no damage.
The orc warrior hits you with a +4 trident.
Something hits you but does no damage.
The kobold brigand hits you with a +0 short sword.
Unknown command.
You hit the orc warrior but do no damage.
You slash the orc!
You kill the orc!
You hit the kobold brigand. You slash something!
You hear some strange, mumbled words.
A puff of flame appears from out of thin air!
The puff of flame hits you.
The orc warrior hits you with a +4 trident.
* * * LOW HITPOINT WARNING * * *
The kobold brigand hits you but does no damage.
The orc warrior hits you with a +4 trident.
* * * LOW HITPOINT WARNING * * *
The kobold brigand hits you but does no damage.
Something hits you but does no damage.
Uskayaw will force your foes to helplessly watch your dance.
Uskayaw prepares the audience for your solo!
Unknown command.
The helpless orc warrior fails to defend itself.
You hit the orc warrior.
You bite the orc warrior, but do no damage.
The helpless kobold brigand fails to defend itself.
You hit the kobold brigand but do no damage.
You slash something!
Reactivating autopickup.
You feel a bit more experienced.
Uskayaw will force your foes to share their pain.
Uskayaw links your audience in an emotional bond!
Unknown command.
The helpless orc warrior fails to defend itself.
You hit the orc warrior but do no damage.
The helpless kobold brigand fails to defend itself.
You hit the kobold brigand.
The orc warrior is no longer paralysed.
The orc is no longer paralysed.
The kobold brigand is no longer paralysed.
The orc warrior hits you but does no damage.
The kobold brigand hits you but does no damage.
The orc hits you but does no damage.
The orc warrior hits you with a +4 trident!
* * * LOW HITPOINT WARNING * * *
The kobold brigand completely misses you.
Unknown command.
You hit the orc warrior but do no damage.
You kill the orc!
You kill the kobold brigand!
You bite the orc warrior! You drain its power.
You feel invigorated.
The orc warrior hits you with a +4 trident!
* * * LOW HITPOINT WARNING * * *
The orc warrior hits you with a +4 trident.
* * * LOW HITPOINT WARNING * * *
Unknown command.
You hit the orc warrior but do no damage.
Your bite misses the orc warrior.
You feel yourself speed up.
The orc warrior hits you with a +4 trident!
* * * LOW HITPOINT WARNING * * *
The orc warrior hits you with a +4 trident!
You die...

Skill      XL: |  1  2  3  4  5  6  7  8  9 10 |
---------------+-------------------------------+-----
Axes           | 2 3 5 7 8 |  8.0
Fighting       | 3 4 5 6 |  6.0
Shields        | 3 4 5 |  5.0
Armour         | 3 4 5 6 |  6.0
Invocations    | 5 7 |  7.8

Action                   |  1- 3 |  4- 6 |  7- 9 | 10-12 || total
-------------------------+-------+-------+-------+-------++-------
Melee: War axe           |    93 |    44 |   271 |    55 ||   463
       Bite              |    14 |     7 |    80 |    17 ||   118
 Fire: Sling             |       |     8 |    78 |       ||    86
Throw: Stone             |       |       |     1 |       ||     1
Invok: Line Pass         |       |       |     1 |     1 ||     2
       Stomp             |       |       |     1 |       ||     1
Evoke: Wand              |       |     9 |       |       ||     9
  Use: Potion            |       |     1 |       |       ||     1
       Scroll            |       |       |    23 |     2 ||    25
 Stab: Paralysed         |       |       |     8 |    12 ||    20
Armor: Scale mail        |    38 |    20 |    88 |       ||   146
       Plate armour      |       |       |   114 |    55 ||   169
Dodge: Dodged            |    41 |    16 |   130 |    17 ||   204
Block: Buckler           |    19 |    12 |    86 |    21 ||   138

Levels and vault maps discovered:
D:1:      saegor_arrival_miasma, layout_basic
D:2:      layout_basic, shapermc_ecumenical_altar_totnotflames, uniq_natasha
D:3:      layout_basic, grunt_ministairs_11, uniq_ijyb
D:4:      layout_rooms, eat_drink_and_be_merry_uskayaw, uniq_duvessa, uniq_pikel
D:5:      layout_basic, minitemple, minmay_temple_entry_mini_moons
D:6:      lemuel_ice_spiral_2, layout_basic, trog_three_pillars_becter,
          mainiacjoe_overflow_catch_the_wave, solitary_fountain
D:7:      layout_rooms
D:8:      layout_gridville, lemuel_doored_altar, serial_shops, shop,
          chequers_serial_rivers_micro_c
D:9:      minmay_imperfect_grid, layout_stronghold, lair_entry_dummy,
          uniq_prince_ribbit1
Temple:   hellmonk_temple_divided_pantheon

Notes
Turn   | Place    | Note
-------+----------+-------------------------------------------
     0 | D:1      | Sobieck the Vine Stalker Fighter began the quest for the
                  | Orb.
     0 | D:1      | Reached XP level 1. HP: 11/11 MP: 2/2
    17 | D:1      | Reached skill level 2 in Axes
    19 | D:1      | Reached XP level 2. HP: 8/16 MP: 1/3
   788 | D:1      | Reached XP level 3. HP: 14/19 MP: 4/4
  1204 | D:2      | Reached skill level 3 in Fighting
  1328 | D:2      | Reached skill level 3 in Shields
  1450 | D:2      | Found a faded altar of an unknown god.
  1544 | D:2      | Gained mutation: Your natural rate of healing is unusually
                  | fast. [Vine Stalker growth]
  1544 | D:2      | Reached XP level 4. HP: 20/24 MP: 3/5
  1720 | D:2      | Noticed Natasha
  1725 | D:2      | Killed Natasha
  1726 | D:2      | Reached skill level 3 in Axes
  2070 | D:2      | Noticed Natasha
  2078 | D:2      | Killed Natasha
  2145 | D:3      | Reached XP level 5. HP: 28/28 MP: 6/6
  2224 | D:3      | Reached skill level 3 in Armour
  2235 | D:3      | Noticed Ijyb
  2241 | D:3      | Killed Ijyb
  2553 | D:4      | Noticed Duvessa
  2553 | D:4      | Noticed Dowan
  2566 | D:4      | Killed Duvessa
  2567 | D:4      | Reached XP level 6. HP: 29/32 MP: 7/7
  2571 | D:4      | HP: 5/32 [Dowan/stone arrow (8)]
  2572 | D:4      | HP: 2/32 [Dowan/+0 dagger (4)]
  2575 | D:4      | Killed Dowan
  2675 | D:4      | Noticed Pikel
  2694 | D:3      | Killed Pikel
  2695 | D:3      | Reached skill level 4 in Fighting
  2695 | D:3      | Reached skill level 5 in Axes
  2695 | D:3      | Reached skill level 4 in Shields
  2695 | D:3      | Reached XP level 7. HP: 27/37 MP: 4/8
  2772 | D:4      | Found a hide-covered altar of Uskayaw.
  2863 | D:4      | Reached skill level 4 in Armour
  2866 | D:4      | Gained mutation: You have razor-sharp teeth. [Vine Stalker
                  | growth]
  2866 | D:4      | Reached XP level 8. HP: 27/42 MP: 6/9
  3905 | D:5      | Entered Level 5 of the Dungeon
  3913 | D:5      | Found a staircase to the Ecumenical Temple.
  3938 | Temple   | Entered the Ecumenical Temple
  3938 | Temple   | Found a transporter.
  3938 | Temple   | Found a transporter.
  3940 | Temple   | Found a transporter.
  3940 | Temple   | Found a transporter.
  4103 | D:5      | Reached skill level 6 in Axes
  4182 | D:4      | Became a worshipper of Uskayaw the Reveller
  4237 | D:5      | Reached * piety under Uskayaw
  4306 | D:5      | Reached ** piety under Uskayaw
  4310 | D:5      | Reached *** piety under Uskayaw
  4560 | D:5      | Reached skill level 5 in Fighting
  4581 | D:5      | Found a radiant altar of Vehumet.
  4583 | D:5      | Found a blossoming altar of Fedhas.
  4588 | D:5      | Found an ancient bone altar of Kikubaaqudgha.
  4793 | D:6      | Found a bloodstained altar of Trog.
  4811 | D:6      | Reached **** piety under Uskayaw
  4814 | D:6      | Reached skill level 7 in Axes
  4953 | D:6      | Reached skill level 5 in Armour
  4953 | D:6      | Reached XP level 9. HP: 38/47 MP: 10/10
  4996 | D:6      | Found an ornate altar of the Wu Jian Council.
  5005 | D:6      | Found an iron altar of Okawaru.
  5696 | D:7      | Reached skill level 6 in Fighting
  5696 | D:7      | Reached skill level 8 in Axes
  6010 | D:7      | Reached skill level 6 in Armour
  6054 | D:8      | Reached skill level 1 in Invocations
  6067 | D:8      | Found a shadowy altar of Dithmenos.
  6117 | D:7      | Reached skill level 2 in Invocations
  6326 | D:8      | Reached skill level 5 in Shields
  6326 | D:8      | Reached skill level 3 in Invocations
  6486 | D:8      | Found Kuinab's Distillery.
  6536 | D:8      | Reached ***** piety under Uskayaw
  6597 | D:8      | Reached skill level 4 in Invocations
  6647 | D:8      | Noticed a purple ugly thing
  6661 | D:8      | Killed a purple ugly thing
  6662 | D:8      | Reached skill level 5 in Invocations
  6662 | D:8      | Reached XP level 10. HP: 48/53 MP: 13/15
  6664 | D:8      | You pick up a book of the Hunter and begin reading...
  6664 | D:8      | You add the spells Call Canine Familiar, Portal Projectile
                  | and Leda's Liquefaction to your library.
  6924 | D:9      | Reached ****** piety under Uskayaw
  6926 | D:9      | Reached skill level 6 in Invocations
  6969 | D:9      | Reached skill level 7 in Invocations
  6986 | D:9      | HP: 13/53 [orc warrior/+0 glaive (5)]
  7048 | D:9      | You pick up a book of Geomancy and begin reading...
  7048 | D:9      | You add the spells Sandblast, Passwall and Stone Arrow to
                  | your library.
  7066 | D:9      | Found a staircase to the Lair.
  7107 | D:9      | HP: 12/53 [orc warrior/+4 trident (11)]
  7109 | D:9      | HP: 2/53 [orc warrior/+4 trident (6)]
  7109 | D:9      | Slain by an orc warrior

Vanquished Creatures
  Pikel (D:3)
  An ugly thing (D:8)
  3 yaks (D:9)
  3 steam dragons
  Duvessa (D:4)
  A water moccasin (D:8)
  2 black bears
  3 orc warriors
  An ice beast (D:7)
  A sky beast (D:7)
  An ogre (D:5)
  2 centaurs
  2 kobold brigands
  3 bullfrogs
  2 scorpions
  5 wights (D:9)
  Dowan (D:4)
  10 killer bees
  2 howler monkeys (D:6)
  3 orc priests
  2 gnoll boudas
  5 hounds
  4 iguanas
  Ijyb (D:3)
  4 orc wizards
  Natasha (twice) (D:2)
  11 gnolls
  3 adders
  A shadow imp (D:5)
  An ufetubus (D:5)
  4 worms (D:2)
  A dart slug (D:1)
  24 orcs
  9 ball pythons
  5 endoplasms
  2 giant cockroaches (D:1)
  9 goblins
  5 hobgoblins
  6 jackals
  2 quokkas
  5 bats
  4 frilled lizards
  18 kobolds
  3 rats
179 creatures vanquished.

Vanquished Creatures (others)
  47 plants (D:6)
47 creatures vanquished.

Grand Total: 226 creatures vanquished

Table legend:
 A = Non-vault XP
 B = Vault XP
 C = Vault XP percentage of total XP
 D = Non-vault monster count
 E = Vault monster count
 F = Vault count percentage of total count
                 A         B        C        D         E       F
            +---------+---------+-------+---------+---------+-------
      Total |    6019 |     940 |  13.5 |     172 |       7 |   3.9
            +---------+---------+-------+---------+---------+-------
        D:1 |      35 |       0 |   0.0 |      19 |       0 |   0.0
        D:2 |      93 |      35 |  27.3 |      29 |       1 |   3.3
        D:3 |      31 |     691 |  95.7 |      16 |       4 |  20.0
        D:4 |     305 |     214 |  41.2 |      12 |       2 |  14.3
        D:5 |     609 |       0 |   0.0 |      16 |       0 |   0.0
        D:6 |     924 |       0 |   0.0 |      24 |       0 |   0.0
        D:7 |     783 |       0 |   0.0 |      10 |       0 |   0.0
        D:8 |    1470 |       0 |   0.0 |      21 |       0 |   0.0
        D:9 |    1769 |       0 |   0.0 |      25 |       0 |   0.0
            +---------+---------+-------+---------+---------+-------

Illustrated notes

Table legend:
 A = Kills in this place as a percentage of kills in entire the game.
 B = Kills by you in this place as a percentage of kills by you in the entire game.
 C = Kills by friends in this place as a percentage of kills by friends in the entire game.
 D = Other kills in this place as a percentage of other kills in the entire game.
 E = Experience gained in this place as a percentage of experience gained in the entire game.
 F = Experience gained in this place divided by the number of levels of this place that you have seen.
                   A       B       C       D       E      F
               +-------+-------+-------+-------+-------+----------------------
         Total | 100.0 | 100.0 |   N/A |   N/A | 100.0 | 695.9
       Dungeon | 100.0 | 100.0 |   N/A |   N/A | 100.0 | 773.2
               +-------+-------+-------+-------+-------+----------------------

Table legend: (Time is in decaauts)
 A = Elapsed time spent in this place.
 B = Non-inter-level travel time spent in this place.
 C = Inter-level travel time spent in this place.
 D = Time resting spent in this place.
 E = Time spent auto-exploring this place.
 F = Levels seen in this place.
 G = Mean time per level.
                   A        B        C        D        E       F      G
               +--------+--------+--------+--------+--------+-----+--------+
         Total |   7254 |   6894 |    360 |    868 |   4587 |  10 |  725.4 |
       Dungeon |   7120 |   6771 |    349 |    768 |   4587 |   9 |  791.1 |
        Temple |    133 |    122 |     11 |    100 |      0 |   1 |  133.0 |
               +--------+--------+--------+--------+--------+-----+--------+

Top non-repeatable levels by time:
     D:3: 1249 daAuts
     D:2: 1175 daAuts
     D:1: 1005 daAuts
     D:8: 860 daAuts
     D:6: 784 daAuts
     D:5: 703 daAuts
     D:4: 625 daAuts
     D:7: 499 daAuts
     D:9: 218 daAuts
  Temple: 133 daAuts
